Map: Dusk Towers

Players

capac

  • Race: Terran Terran
  • League: Gold

Slt - Winner!

  • Race: Protoss Protoss
  • League: Gold

VOD

Have the link to the VOD?

Description

Time

  • Played on: April 17, 2016, 10:50 a.m.
  • Length: 7:07
Show
View Real Time Build Order
Export as new Build Order

capac Terran 

Build Orders: Reaper Expand 

Get SALT Encoding   

  12  0:00  SCV  
  13  0:13  SCV  
  14  0:17  Supply Depot  
  14  0:25  SCV  
  15  0:39  SCV  
  15  0:40  Barracks  
  16  0:44  Refinery  
  16  0:53  SCV  
  17  1:05  SCV  
  18  1:17  SCV  
  19  1:30  Reaper, Orbital Command  
  20  1:41  Command Center  
  20  1:50  Supply Depot  
  20  1:56  SCV  
  21  2:14  Marine  
  22  2:18  Factory  
  22  2:20  Refinery  
  22  2:24  Barracks  
  22  2:33  Barracks Reactor  
  22  2:35  SCV  
  23  2:40  Engineering Bay  
  23  2:47  SCV  
  24  3:01  SCV x2  
  24  3:04  Factory Tech Lab  
  26  3:06  Starport  
  26  3:12  Missile Turret  
  26  3:13  Orbital Command  
  26  3:17  SCV  
  26  3:19  Marine  
  28  3:30  Siege Tank  
  28  3:31  SCV  
  32  3:39  Barracks Tech Lab  
  32  3:43  SCV  
  32  3:45  SCV  
  34  3:53  Supply Depot  
  34  3:55  SCV, Medivac  
  37  4:03  Stimpack  
  37  4:10  SCV x2  
  37  4:16  Refinery  
  39  4:17  Marine  
  39  4:18  Marine x2  
  39  4:22  SCV x2  
  44  4:25  Starport Reactor  
  44  4:34  SCV x2  
  46  4:42  Marine x3  
  49  4:48  Command Center  
  42  5:47  Marine  
  42  5:48  Marine  
  45  6:01  Marine  
  39  6:16  Marine  
  36  6:19  Marine  
  36  6:20  Siege Tank  
  36  6:24  Supply Depot  
  32  6:33  Marine  
  32  6:37  Marine, Missile Turret  
Show
View Real Time Build Order
Export as new Build Order

Slt Protoss - Winner!

Build Orders: Dark Templar Rush 

Get SALT Encoding   

  12  0:01  Probe (Chrono Boost)  
  13  0:12  Probe (Chrono Boost)  
  14  0:19  Pylon  
  14  0:22  Probe (Chrono Boost)  
  15  0:30  Assimilator  
  15  0:37  Probe (Chrono Boost)  
  16  0:46  Gateway  
  16  0:48  Probe (Chrono Boost)  
  17  0:58  Probe (Chrono Boost)  
  17  1:03  Assimilator  
  18  1:08  Pylon  
  18  1:11  Probe (Chrono Boost)  
  19  1:21  Probe (Chrono Boost)  
  20  1:32  Probe (Chrono Boost)  
  21  1:36  Cybernetics Core  
  21  1:42  Probe (Chrono Boost), Pylon  
  22  2:02  Probe (Chrono Boost)  
  23  2:13  Warp Gate (Chrono Boost)  
  23  2:18  Mothership Core (Chrono Boost)  
  25  2:24  Pylon  
  25  2:30  Twilight Council  
  25  2:35  Gateway  
  25  2:36  Pylon  
  25  2:43  Forge  
  25  3:09  Dark Shrine  
  25  3:12  Gateway  
  25  3:21  Gateway  
  25  3:38  Probe  
  26  3:55  Photon Cannon  
  26  3:58  Nexus  
  26  4:04  Photon Cannon  
  26  4:21  Dark Templar  
  26  4:22  Dark Templar x2  
  32  4:30  Probe  
  33  4:40  Pylon  
  33  4:42  Probe  
  34  4:54  Probe  
  33  6:05  Dark Templar x3  
  37  6:14  Probe  
  38  6:25  Probe, Photon Cannon  
  38  6:28  Pylon  
  37  6:33  Pylon  
  37  6:35  Probe  
  38  6:41  Probe  
  38  6:46  Probe  
  39  6:53  Probe  
Tags
 
Add a new tag
Caveats
  • Supply blocks, unpowered buildings, or Contaminate may cause inaccurate times.
  • Supply counts are checked every 10 seconds.